 Dungeon Crawl Stone Soup version 0.28.0-43-g3370ac3207 (webtiles) character file.

Game seed: 7693653205344448879

182421 Jerry the Brawler (level 17, 0/170 HPs)
             Began as a Troll Hunter on Mar 9, 2022.
             Was the Champion of Jiyva.
             Killed from afar by a nagaraja (25 damage)
             ... with a poison arrow
             ... on level 4 of the Snake Pit on Mar 10, 2022.
             The game lasted 02:59:28 (26737 turns).

Jerry the Brawler (Troll Hunter)                   Turns: 26737, Time: 02:59:28

Health: 0/170      AC: 22    Str: 30    XL:     17   Next: 71%
Magic:  16/16      EV: 12    Int:  7    God:    Jiyva [******]
Gold:   459        SH: 13    Dex: 14    Spells: 16/16 levels left

rFire   + + +      SeeInvis .     - Unarmed
rCold   . . .      Faith    +   v - +2 kite shield
rNeg    + . .      Spirit   .   C - +0 acid dragon scales
rPois   .          Reflect  .   (helmet unavailable)
rElec   .          Harm     .   e - +0 cloak
rCorr   +          Rampage  .   (gloves unavailable)
Will    +....      NoTele   +   (boots unavailable)
Stlth   ++........              t - amulet "Tebuimn" {Faith +Blink rN+ Regen+ rCorr}
HPRegen 3.58/turn               F - +4 ring of slaying
MPRegen 0.65/turn               A - ring of the Tortoise {AC+8}

@: lethally poisoned (0 -> -20), untranslocatable, slowed, constricted, studying
Unarmed Combat, invisible, very slow
A: large, unfitting armour, claws 3, regeneration 1, shaggy fur 1, tough skin 1,
horns 3, iridescent scales 1, fire resistance 3, strong 2, translucent skin 1,
jelly sensing items, MP-powered wands, engulf
a: Renounce Religion, Evoke Blink, Oozemancy, Slimify


You were on level 4 of the Snake Pit.
You worshipped Jiyva.
Jiyva was exalted by your worship.
You visited 6 branches of the dungeon, and saw 29 of its levels.
You also visited: Sewer and Bailey.

You collected 1963 gold pieces.
You spent 1504 gold pieces at shops.

Inventory:

Hand Weapons
 c - a +0 giant spiked club of venom
Missiles
 d - 4 throwing nets
 H - 44 large rocks (quivered)
Armour
 b - +1 steam dragon scales
 e - a +0 cloak (worn)
 o - +0 fire dragon scales
 v - a +2 kite shield (worn)
 C - +0 acid dragon scales (worn)
 G - a +0 troll leather armour
 J - the +1 robe of Delicate the Good {Archmagi}
   (You found it on level 9 of the Dungeon)

   Archmagi:  It increases the power of your magical spells.
 N - a +2 hat
 S - an orb of mayhem
Jewellery
 f - the ring of Jomi Sir {Wiz rF+}
   (You found it on level 15 of the Dungeon)

   [ring of wizardry]

   It improves your spell success rate.
   rF:        It protects you from fire.
 j - a ring of ice
 t - the amulet "Tebuimn" (around neck) {Faith +Blink rN+ Regen+ rCorr}
   (You found it on level 4 of the Dungeon)

   [amulet of faith]

   It allows you to gain divine favour quickly.
   rN:        It protects you from negative energy.
   +Blink:    It lets you blink.
   Regen:     It increases your rate of health regeneration.
   rCorr:     It protects you from acid and corrosion.
 u - a ring of willpower
 z - a ring of the Octopus King {rC+ AC+1 EV+1 Str+1 Int+1 Dex+1}
   (You found it in a bailey)

   [ring of protection from cold]

   AC:        It affects your AC (+1).
   EV:        It affects your evasion (+1).
   Str:       It affects your strength (+1).
   Int:       It affects your intelligence (+1).
   Dex:       It affects your dexterity (+1).
   rC:        It protects you from cold.
 A - the ring of the Tortoise (right claw) {AC+8}
   (You found it on level 5 of the Lair of Beasts)

   [ring of protection]

   AC:        It affects your AC (+8).
 F - a +4 ring of slaying (left claw)
 Q - an amulet of guardian spirit
Wands
 a - a wand of mindburst (42)
 s - a wand of paralysis (12)
 y - a wand of polymorph (19)
 B - a wand of flame (48)
 K - a wand of charming (4)
 O - a wand of acid (1)
Scrolls
 l - a scroll of magic mapping
 m - 6 scrolls of immolation
 p - 3 scrolls of enchant weapon
 q - 7 scrolls of teleportation
 w - 2 scrolls of fog
 D - a scroll of enchant armour
 E - 4 scrolls of amnesia
 I - 4 scrolls of identify
 P - a scroll of acquirement
Potions
 g - 4 potions of mutation
 h - 2 potions of might
 i - 2 potions of ambrosia
 k - 2 potions of resistance
 n - 7 potions of heal wounds
 r - 7 potions of curing
 x - 2 potions of attraction
 M - a potion of brilliance
 R - a potion of haste


   Skills:
 - Level 11.3 Fighting
 - Level 1.4 Maces & Flails
 + Level 7.7 Throwing
 + Level 9.7 Armour
 + Level 14.5 Dodging
 - Level 0.3 Stealth
 - Level 10.0 Shields
 + Level 20.7 Unarmed Combat


You had 16 spell levels left.
You didn't know any spells.
Your spell library contained the following spells:

 Spells                   Type           Power      Damage    Failure   Level
 Magic Dart               Conj           0%         1d3       69%         1
 Blink                    Tloc           0%         N/A       83%         2
 Call Imp                 Summ           0%         N/A       83%         2
 Corpse Rot               Necr/Air       0%         N/A       83%         2
 Ensorcelled Hibernation  Hex/Ice        0%         N/A       83%         2
 Passwall                 Tmut/Erth      0%         N/A       83%         2
 Poisonous Vapours        Pois/Air       0%         N/A       83%         2
 Static Discharge         Conj/Air       0%         N/A       83%         2
 Lesser Beckoning         Tloc           0%         N/A       96%         3
 Mephitic Cloud           Conj/Pois/Air  0%         N/A       96%         3
 Spider Form              Tmut/Pois      0%         N/A       96%         3
 Swiftness                Air            0%         N/A       96%         3
 Anguish                  Hex/Necr       0%         N/A       100%        4
 Lightning Bolt           Conj/Air       0%         1d11      100%        5
 Manifold Assault         Tloc           0%         N/A       100%        5
 Maxwell's Capacitive Co  Air            0%         ∞         100%        8


Dungeon Overview and Level Annotations

Branches:
Dungeon (15/15)            Temple (1/1) D:6            Lair (6/6) D:8
 Shoals (0/4) Lair:3        Snake (4/4) Lair:4        Slime (1/5) Lair:5
    Orc (2/2) D:12            Elf (0/3) Orc:2        Vaults (0/5) D:13
 Depths (0/4) D:15          Sewer (visited)          Bailey (visited)

Altars:
Ashenzari
Cheibriados
Dithmenos
Elyvilon
Fedhas
Gozag
Hepliaklqana
Kikubaaqudgha
Makhleb
Nemelex Xobeh
Okawaru
Qazlal
Ru
Sif Muna
Trog
Uskayaw
Vehumet
Wu Jian
Xom
Yredelemnul
Zin
The Shining One
Jiyva

Shops:
D:5 *[!*   D:8 (   D:9 !   D:12 :   D:14 !   Orc:2 *[:(   Snake:2 !=:
Snake:3 :   Snake:4 !:

Annotations:
D:7 Harold
Snake:3 1 runed translucent door, Dittersdorf's ghost, adept MiBe


Innate Abilities, Weirdness & Mutations

You are too large for most types of armour.
You have claws for hands.
Your natural rate of healing is unusually fast.
You are covered in fur. (AC +1)
You have tough skin. (AC +1)
You have a pair of large horns on your head.
You are partially covered in iridescent scales. (AC +2)
Your flesh is almost immune to the effects of heat. (rF+++)
Your muscles are very strong. (Str +4)
Your translucent skin slightly reduces your foes' accuracy. (Stealth+)
You have a small jelly attached to you that senses nearby items.
You expend magic power (3 MP) to strengthen your wands.
Your melee attacks may engulf your foes in ooze.


Message History

The naga sharpshooter unwields a +0 short sword.
The naga sharpshooter wields a +0 arbalest.
The naga sharpshooter gestures wildly while chanting.
The salamander unwields a +0 shortbow of flaming.
It stops flaming.
The salamander misses you.
The naga sharpshooter spits poison at you.
The splash of poison misses you.
You feel very sick. You block the naga mage's attack. The naga mage grabs you.
You stop ascending the stairs.
The naga mage constricts you.
The nagaraja hits you but does no damage.
The naga mage casts a spell at the nagaraja.
The nagaraja seems to grow toxic.
You hear a distant slurping noise.
The naga sharpshooter gestures wildly while chanting.
The naga sharpshooter magically shoots an arrow.
The arrow hits you.
You hear a distant slurping noise.
You hear a squelching noise.
The naga mage points at you and mumbles some strange words.
The bolt of poison hits you!
You are more poisoned.
* * * LOW HITPOINT WARNING * * *
The naga mage constricts you.
The nagaraja hits you from afar with a +0 spear.
* * * LOW HITPOINT WARNING * * *
The naga sharpshooter spits poison at you.
The splash of poison hits you but does no damage.
You are more poisoned.
You have difficulty breathing.
* * * LOW HITPOINT WARNING * * *
You feel yourself slow down.
You fade into invisibility!
You feel extremely sick.
The naga sharpshooter is no longer covered in acid.
The naga mage casts a spell at the naga mage.
The naga mage seems to grow toxic.
The naga mage constricts you.
The nagaraja gestures at you while chanting.
The poison arrow hits you!!
You are more poisoned.
You die...

#............#.#..
#............#.##'
##...........#....
#...........#....
###...........#....
#.............#....
#.............#...)
#..N..........#....
#.@...N.......##...
##N.N.NNN......####
##.N..............
##................
##......NN.N.......
#..................
#############.[)##.
#..N..... #...NN...


You could see a nagaraja (fast, curare), 3 naga sharpshooters, a salamander, 4
naga magi and a naga.

Vanquished Creatures
  Vashnia (Snake:3)
  Saint Roka (Snake:4)
  Kirke (D:12)
  A tengu reaver (D:15)
  A fire giant (D:15)
  A nagaraja (Snake:3)
  An orc warlord (Orc:1)
  A stone giant (D:15)
  Snorg (Lair:5)
  2 fire dragons
  Josephine (Lair:5)
  A rakshasa (D:15)
  A yaktaur captain (D:15)
  3 salamander tyrants (Snake:4)
  5 vault guards
  8 naga warriors
  9 hydras
  3 death knights
  6 ogre magi (D:15)
  9 anacondas
  3 catoblepae
  3 boulder beetles (D:15)
  12 centaur warriors
  2 tengu warriors
  9 two-headed ogres
  3 death yaks
  4 shock serpents
  14 naga sharpshooters
  A hell knight (D:15)
  12 skeletal warriors
  7 sea snakes (Snake:1)
  2 salamander mystics
  A swamp dragon (Lair:6)
  A deep troll (D:15)
  5 naga ritualists
  2 deep elf zephyrmancers
  5 orc knights
  A harpy (D:15)
  10 mana vipers
  16 ugly things
  4 deep elf pyromancers
  8 manticores
  8 orc sorcerers
  3 wolf spiders (D:15)
  9 cyclopes
  A merfolk siren (Lair:3)
  20 elephants
  20 salamanders
  A guardian serpent (shapeshifter) (D:15)
  23 black mambas
  A guardian serpent (Snake:2)
  16 naga magi
  3 rime drakes
  7 cane toads
  A gargoyle (D:12)
  3 unseen horrors (D:12)
  8 komodo dragons
  A kobold demonologist (D:13)
  2 efreet
  2 tengu conjurers
  3 freezing wraiths
  3 yaktaurs (D:13)
  14 trolls
  A hornet (shapeshifter) (D:15)
  A hornet (D:5)
  9 blink frogs
  A blink frog (shapeshifter) (D:15)
  A polar bear (Lair:2)
  2 vampires (D:14)
  25 yaks
  A shadow (D:12)
  4 wyverns
  4 basilisks
  6 wraiths
  A hog (shapeshifter) (D:15)
  Eustachio (D:4)
  7 steam dragons
  A redback simulacrum (D:15)
  11 vampire mosquitoes
  3 wargs
  32 nagas
  13 water moccasins
  4 acid dragons
  Duvessa (D:7)
  An ice beast (D:8)
  40 orc warriors
  A sky beast (D:5)
  2 swamp drakes
  A black bear (D:8)
  11 ogres
  6 wolves (Lair:1)
  3 boggarts
  27 centaurs
  6 kobold brigands
  13 bullfrogs
  2 gnoll sergeants (D:9)
  4 scorpions
  Dowan (D:7)
  10 wights
  11 electric eels
  A vampire bat (Lair:6)
  3 howler monkeys
  A crimson imp (D:10)
  A lava snake (Lair:6)
  4 centaur zombies
  3 hounds
  An iron imp (D:10)
  Crazy Yiuf (D:4)
  9 orc priests
  A centaur skeleton (D:4)
  2 bullfrog skeletons
  Terence (D:1)
  3 iguanas
  14 orc wizards
  Ijyb (D:3)
  5 hell rats
  2 killer bee zombies
  2 centaur simulacra
  A hound zombie (D:5)
  A howler monkey zombie (D:7)
  3 gnolls (D:4)
  A howler monkey skeleton (D:7)
  7 adders
  4 river rats (Sewer)
  A shadow imp (D:10)
  2 white imps
  A worm (D:3)
  3 dart slugs
  87 orcs
  9 bats
  4 endoplasms
  4 giant cockroaches
  8 hobgoblins
  4 jackals
  5 quokkas
  3 training dummies (D:8)
  11 ball pythons
  9 frilled lizards
  9 goblins
  12 kobolds
  14 rats
  A bush (D:8)
  A butterfly (Lair:5)
859 creatures vanquished.

Vanquished Creatures (collateral kills)
  A tengu reaver (D:15)
  A two-headed ogre (D:7)
  An orc knight (Bailey)
  A komodo dragon (Lair:1)
  A troll (Orc:2)
  5 yaks (Lair:1)
10 creatures vanquished.

Vanquished Creatures (others)
  A centaur warrior (D:15)
  A manticore (shapeshifter) (D:15)
  4 humans (D:12)
  2 basilisks
  A water moccasin (Lair:2)
  An orc warrior (D:10)
  A necrophage (D:8)
  3 bullfrogs
  2 wights
  An electric eel (Snake:1)
  2 howler monkeys (D:9)
  A hound (D:4)
  152 jellies
  4 orc priests
  3 orc wizards
  A hell rat (Lair:3)
  A killer bee zombie (D:8)
  A gnoll (D:4)
  An adder (D:4)
  11 orcs
  A giant cockroach (D:6)
  3 rats (D:6)
  3 bushes (D:8)
  120 fungi
  272 plants
593 creatures vanquished.

Grand Total: 1462 creatures vanquished

Notes
Turn   | Place    | Note
-------+----------+-------------------------------------------
     0 | D:1      | Jerry the Troll Hunter began the quest for the Orb.
     0 | D:1      | Reached XP level 1. HP: 19/19 MP: 0/0
   205 | D:1      | Reached XP level 2. HP: 28/28 MP: 1/1
   922 | D:2      | Reached XP level 3. HP: 35/35 MP: 2/2
   945 | D:2      | Noticed Terence
  1055 | D:1      | Killed Terence
  1056 | D:1      | Reached skill level 1 in Maces & Flails
  1165 | D:2      | Reached XP level 4. HP: 42/42 MP: 3/3
  1185 | D:2      | Found a faded altar of an unknown god.
  1738 | D:2      | Prayed at the altar of an unknown god.
  1738 | D:2      | Became a worshipper of Jiyva Jokaru the Shapeless
  1738 | D:2      | Reached * piety under Jiyva
  2060 | D:3      | Noticed Ijyb
  2068 | D:3      | Paralysed by Ijyb for 5 turns
  2078 | D:3      | Killed Ijyb
  2079 | D:3      | Reached skill level 1 in Unarmed Combat
  2397 | D:4      | Noticed Eustachio
  2422 | D:4      | Killed Eustachio
  2423 | D:4      | Reached skill level 2 in Unarmed Combat
  2423 | D:4      | Reached XP level 5. HP: 48/50 MP: 4/4
  2510 | D:4      | Reached XP level 6. HP: 55/59 MP: 5/5
  2524 | D:4      | Reached ** piety under Jiyva
  2633 | D:4      | Found a runed translucent door.
  2634 | D:4      | Noticed Crazy Yiuf
  2718 | D:4      | Reached skill level 3 in Unarmed Combat
  2812 | D:4      | Identified the amulet "Tebuimn" {Faith +Blink rN+ Regen+
                  | rCorr}
  3285 | D:5      | Entered Level 5 of the Dungeon
  3294 | D:5      | Reached *** piety under Jiyva
  3355 | D:5      | Reached XP level 7. HP: 65/67 MP: 6/6
  3425 | D:5      | Reached skill level 4 in Unarmed Combat
  3482 | D:5      | Reached skill level 5 in Throwing
  3552 | D:5      | Found Cupeydua's Distillery.
  3553 | D:5      | Found Voukove's Armour Shop.
  3553 | D:5      | Found Enieh's Assorted Antiques.
  3560 | D:5      | Bought a +2 kite shield for 181 gold pieces
  3571 | D:5      | Bought a scroll labelled WYTUMO CALLOV for 19 gold pieces
  3571 | D:5      | Bought a scroll labelled UFEFAO KIUJOMI for 19 gold pieces
  3571 | D:5      | Bought a silvery potion for 17 gold pieces
  3571 | D:5      | Bought 2 cyan potions for 34 gold pieces
  3691 | D:5      | Found Kym Kuj's Assorted Antiques.
  3751 | D:5      | Gained mutation: You have acidic saliva. [Jiyva's grace]
  3751 | D:5      | Gained mutation: Your mind is acute. (Int +2) [Jiyva's
                  | grace]
  3751 | D:5      | Gained mutation: Your mind is very acute. (Int +4) [Jiyva's
                  | grace]
  3751 | D:5      | Gained mutation: Your spells are a little harder to cast,
                  | but a little more powerful. [Jiyva's grace]
  3755 | D:5      | Noticed a hornet
  3771 | D:5      | Paralysed by a hornet for 3 turns
  3775 | D:5      | Lost mutation: Your spells are a little harder to cast, but
                  | a little more powerful. [potion of mutation]
  3775 | D:5      | Lost mutation: Your mind is very acute. (Int +4) [potion of
                  | mutation]
  3775 | D:5      | Lost mutation: You have acidic saliva. [potion of mutation]
  3775 | D:5      | Gained mutation: You have a pair of small horns on your
                  | head. [potion of mutation]
  3775 | D:5      | Gained mutation: You expend magic power (3 MP) to
                  | strengthen your wands. [potion of mutation]
  3784 | D:5      | Killed a hornet
  3785 | D:5      | Reached skill level 1 in Shields
  3785 | D:5      | Reached skill level 5 in Unarmed Combat
  3788 | D:5      | Reached XP level 8. HP: 22/75 MP: 7/7
  3840 | D:5      | Reached **** piety under Jiyva
  4787 | D:6      | Found a glowing drain.
  4797 | D:6      | Reached skill level 6 in Unarmed Combat
  4803 | Sewer    | Entered a sewer
  4817 | Sewer    | Reached ***** piety under Jiyva
  5471 | D:6      | Found a staircase to the Ecumenical Temple.
  5488 | Temple   | Entered the Ecumenical Temple
  5966 | D:7      | Noticed Dowan
  5968 | D:7      | Noticed Duvessa
  5993 | D:7      | Killed Duvessa
  5996 | D:7      | Killed Dowan
  6043 | D:7      | Reached skill level 7 in Unarmed Combat
  6043 | D:7      | Reached XP level 9. HP: 70/83 MP: 8/8
  6389 | D:7      | Noticed a two-headed ogre
  6392 | D:7      | Killed a two-headed ogre
  6393 | D:7      | Reached skill level 5 in Shields
  6393 | D:7      | Reached skill level 8 in Unarmed Combat
  6401 | D:7      | Lost mutation: You expend magic power (3 MP) to strengthen
                  | your wands. [Jiyva's grace]
  6401 | D:7      | Gained mutation: Your melee attacks may engulf your foes in
                  | ooze. [Jiyva's grace]
  6401 | D:7      | Gained mutation: You are agile. (Dex +2) [Jiyva's grace]
  6401 | D:7      | Gained mutation: You are very agile. (Dex +4) [Jiyva's
                  | grace]
  6401 | D:7      | Gained mutation: You are partially covered in large bone
                  | plates. (SH +4) [Jiyva's grace]
  6630 | D:8      | Found a blossoming altar of Fedhas.
  6871 | D:8      | Reached skill level 9 in Unarmed Combat
  6873 | D:8      | Found a staircase to the Lair.
  6873 | D:8      | Noticed a death yak
  6874 | D:8      | Noticed a death yak
  6875 | D:8      | Noticed a death yak
  6955 | D:8      | Found Pipp's Firing Range.
  7055 | D:8      | Noticed a two-headed ogre
  7084 | D:7      | Noticed Harold
  7314 | Lair:1   | Entered Level 1 of the Lair of Beasts
  7377 | Lair:1   | Reached XP level 10. HP: 91/91 MP: 9/9
  7430 | Lair:1   | Reached ****** piety under Jiyva
  7548 | Lair:1   | Gained mutation: You have large cloven feet. [Jiyva's
                  | grace]
  7548 | Lair:1   | Gained mutation: You have hoof-like feet. [Jiyva's grace]
  7548 | Lair:1   | Gained mutation: You have hooves in place of feet. [Jiyva's
                  | grace]
  7548 | Lair:1   | Gained mutation: Your body has grown eyes which may confuse
                  | attackers. (Acc +3) [Jiyva's grace]
  7573 | Lair:1   | Reached skill level 10 in Unarmed Combat
  7725 | Lair:1   | Noticed a cane toad
  7727 | Lair:1   | Killed a cane toad
  7728 | Lair:1   | Reached skill level 11 in Unarmed Combat
  7848 | Lair:1   | Noticed a five-headed hydra
  8210 | D:7      | Killed a death yak
  8234 | D:7      | Killed a death yak
  8235 | D:7      | Reached XP level 11. HP: 97/97 MP: 10/10
  8241 | D:8      | Killed a death yak
  8525 | D:9      | Reached skill level 12 in Unarmed Combat
  8602 | D:9      | Found a radiant altar of Vehumet.
  8619 | D:9      | Identified the +6 falchion of Tortfeasance {flame, rPois}
  8630 | D:9      | Noticed a two-headed ogre
  8634 | D:9      | Killed a two-headed ogre
  8713 | D:9      | Lost mutation: You are very agile. (Dex +4) [Jiyva's grace]
  8713 | D:9      | Lost mutation: Your mind is acute. (Int +2) [Jiyva's grace]
  8713 | D:9      | Gained mutation: You have acidic saliva. [Jiyva's grace]
  8713 | D:9      | Lost mutation: You have hooves in place of feet. [Jiyva's
                  | grace]
  8713 | D:9      | Lost mutation: You have hoof-like feet. [Jiyva's grace]
  8713 | D:9      | Lost mutation: You have large cloven feet. [Jiyva's grace]
  8713 | D:9      | Gained mutation: You have sharp toenails. [Jiyva's grace]
  8713 | D:9      | Gained mutation: You have razor-sharp toenails. [Jiyva's
                  | grace]
  8713 | D:9      | Gained mutation: You have claws for feet. [Jiyva's grace]
  8795 | D:9      | You fall into a shaft and drop 1 floor!
  8795 | D:10     | Entered Level 10 of the Dungeon
  8811 | D:10     | Found a shimmering altar of Xom.
  8841 | D:9      | Identified the +1 robe of Delicate the Good {Archmagi}
  8885 | D:9      | Found Woqis's Distillery.
  8893 | D:9      | Bought a potion of might for 60 gold pieces
  9017 | D:10     | Found a flagged portal.
  9031 | Bailey   | Entered a bailey
  9274 | Bailey   | Found the ring of the Octopus King
  9274 | Bailey   | Noticed an orc knight
  9274 | Bailey   | Noticed an orc knight
  9281 | Bailey   | Killed an orc knight
  9283 | Bailey   | HP: 1/97 [orc knight/+0 halberd (33)]
  9286 | Bailey   | Killed an orc knight
  9287 | Bailey   | Reached skill level 10 in Shields
  9287 | Bailey   | Reached skill level 13 in Unarmed Combat
  9350 | Bailey   | Identified a ring of the Octopus King {rC+ AC+1 EV+1 Str+1
                  | Int+1 Dex+1}
  9579 | D:10     | Lost mutation: You have a pair of small horns on your head.
                  | [Jiyva's grace]
  9579 | D:10     | Lost mutation: You have claws for feet. [Jiyva's grace]
  9579 | D:10     | Lost mutation: You are agile. (Dex +2) [Jiyva's grace]
  9579 | D:10     | Lost mutation: You have acidic saliva. [Jiyva's grace]
  9579 | D:10     | Gained mutation: You are agile. (Dex +2) [Jiyva's grace]
  9579 | D:10     | Gained mutation: You are very agile. (Dex +4) [Jiyva's
                  | grace]
  9579 | D:10     | Gained mutation: You passively dampen the noise of your
                  | surroundings. [Jiyva's grace]
  9579 | D:10     | Gained mutation: Your system is resistant to poisons.
                  | (rPois) [Jiyva's grace]
  9680 | D:10     | Reached skill level 15 in Unarmed Combat
  9680 | D:10     | Reached XP level 12. HP: 106/106 MP: 11/11
  9795 | D:10     | Noticed a two-headed ogre
  9798 | D:10     | Killed a two-headed ogre
  9997 | D:10     | Reached XP level 13. HP: 114/114 MP: 12/12
 10121 | D:11     | Identified the +6 falchion "Plog" {vorpal, rElec Will+
                  | Int+4}
 10178 | D:11     | Reached skill level 5 in Dodging
 10991 | Lair:1   | Lost mutation: You have razor-sharp toenails. [Jiyva's
                  | grace]
 10991 | Lair:1   | Lost mutation: You are very agile. (Dex +4) [Jiyva's grace]
 10991 | Lair:1   | Gained mutation: You have a beak for a mouth. [Jiyva's
                  | grace]
 10991 | Lair:1   | Gained mutation: You possess an exceptional clarity of
                  | mind. [Jiyva's grace]
 10991 | Lair:1   | Gained mutation: You have razor-sharp toenails. [Jiyva's
                  | grace]
 10991 | Lair:1   | Gained mutation: You have claws for feet. [Jiyva's grace]
 11301 | Lair:2   | Reached skill level 16 in Unarmed Combat
 11338 | Lair:2   | Reached skill level 5 in Fighting
 12112 | Lair:2   | Lost mutation: Your body has grown eyes which may confuse
                  | attackers. (Acc +3) [Jiyva's grace]
 12112 | Lair:2   | Lost mutation: You passively dampen the noise of your
                  | surroundings. [Jiyva's grace]
 12112 | Lair:2   | Gained mutation: You have a pair of small horns on your
                  | head. [Jiyva's grace]
 12112 | Lair:2   | Gained mutation: You have a pair of horns on your head.
                  | [Jiyva's grace]
 12112 | Lair:2   | Gained mutation: You have a pair of large horns on your
                  | head. [Jiyva's grace]
 12112 | Lair:2   | Gained mutation: You have supernaturally acute eyesight.
                  | (SInv) [Jiyva's grace]
 12455 | Lair:3   | Found a staircase to the Shoals.
 13477 | Lair:4   | Lost mutation: You have claws for feet. [Jiyva's grace]
 13477 | Lair:4   | Lost mutation: You are partially covered in large bone
                  | plates. (SH +4) [Jiyva's grace]
 13477 | Lair:4   | Lost mutation: Your melee attacks may engulf your foes in
                  | ooze. [Jiyva's grace]
 13477 | Lair:4   | Gained mutation: Your translucent skin slightly reduces
                  | your foes' accuracy. (Stealth+) [Jiyva's grace]
 13477 | Lair:4   | Gained mutation: Your translucent skin reduces your foes'
                  | accuracy. (Stealth+) [Jiyva's grace]
 13477 | Lair:4   | Gained mutation: Your transparent skin significantly
                  | reduces your foes' accuracy. (Stealth+) [Jiyva's grace]
 13477 | Lair:4   | Gained mutation: You have claws for feet. [Jiyva's grace]
 13747 | Lair:4   | Found a staircase to the Snake Pit.
 14170 | Lair:5   | Found a staircase to the Slime Pits.
 14171 | Lair:5   | Found a viscous altar of Jiyva.
 14250 | Lair:5   | Noticed Snorg
 14251 | Lair:5   | Noticed Josephine
 14259 | Lair:5   | Killed Snorg
 14260 | Lair:5   | Reached XP level 14. HP: 118/131 MP: 13/13
 14263 | Lair:5   | Killed Josephine
 14264 | Lair:5   | Reached skill level 1 in Armour
 14291 | Lair:5   | Found the ring of the Tortoise {AC+8}
 14563 | Lair:5   | Lost mutation: You have a pair of large horns on your head.
                  | [Jiyva's grace]
 14563 | Lair:5   | Lost mutation: You have a pair of horns on your head.
                  | [Jiyva's grace]
 14563 | Lair:5   | Lost mutation: You have supernaturally acute eyesight.
                  | (SInv) [Jiyva's grace]
 14563 | Lair:5   | Lost mutation: You possess an exceptional clarity of mind.
                  | [Jiyva's grace]
 14563 | Lair:5   | Lost mutation: Your transparent skin significantly reduces
                  | your foes' accuracy. (Stealth+) [Jiyva's grace]
 14563 | Lair:5   | Gained mutation: Your melee attacks may engulf your foes in
                  | ooze. [Jiyva's grace]
 14563 | Lair:5   | Gained mutation: You are somewhat resistant to further
                  | mutation. [Jiyva's grace]
 14563 | Lair:5   | Gained mutation: You are somewhat resistant to both further
                  | mutation and mutation removal. [Jiyva's grace]
 14563 | Lair:5   | Gained mutation: You are almost entirely resistant to
                  | further mutation and mutation removal. [Jiyva's grace]
 14709 | Lair:6   | Entered Level 6 of the Lair of Beasts
 14769 | Lair:6   | Reached skill level 17 in Unarmed Combat
 15664 | Lair:5   | Identified 2 scrolls of acquirement
 15664 | Lair:5   | Acquired a manual of Dodging
 15681 | Slime:1  | Entered Level 1 of the Pits of Slime
 15681 | Slime:1  | Noticed a rockslime
 15964 | D:4      | Killed Crazy Yiuf
 16268 | D:12     | Lost mutation: You have a beak for a mouth. [Jiyva's grace]
 16268 | D:12     | Lost mutation: You have claws for feet. [Jiyva's grace]
 16268 | D:12     | Gained mutation: Your spells are a little harder to cast,
                  | but a little more powerful. [Jiyva's grace]
 16268 | D:12     | Gained mutation: Your spells are harder to cast, but more
                  | powerful. [Jiyva's grace]
 16268 | D:12     | Gained mutation: Your spells are much harder to cast, but
                  | much more powerful. [Jiyva's grace]
 16268 | D:12     | Lost mutation: You are almost entirely resistant to further
                  | mutation and mutation removal. [Jiyva's grace]
 16268 | D:12     | Lost mutation: You are somewhat resistant to both further
                  | mutation and mutation removal. [Jiyva's grace]
 16268 | D:12     | Lost mutation: You are somewhat resistant to further
                  | mutation. [Jiyva's grace]
 16268 | D:12     | Gained mutation: You have hidden genetic potential.
                  | [Jiyva's grace]
 16322 | D:12     | Found a staircase to the Orcish Mines.
 16709 | D:12     | Noticed Kirke
 16716 | D:12     | Killed Kirke
 16906 | D:12     | Found Enoexkom's Book Emporium.
 18223 | D:13     | Found a gate to the Vaults.
 18287 | D:12     | Reached skill level 5 in Armour
 18287 | D:12     | Reached XP level 15. HP: 145/145 MP: 14/14
 18351 | D:13     | Lost mutation: Your spells are much harder to cast, but
                  | much more powerful. [Jiyva's grace]
 18351 | D:13     | Gained mutation: You are robust. (+10% HP) [Jiyva's grace]
 18351 | D:13     | Gained mutation: You are very robust. (+20% HP) [Jiyva's
                  | grace]
 18351 | D:13     | Gained mutation: You are extremely robust. (+30% HP)
                  | [Jiyva's grace]
 18351 | D:13     | Gained mutation: You are partially covered in iridescent
                  | scales. (AC +2) [Jiyva's grace]
 19019 | D:14     | Reached skill level 10 in Dodging
 19371 | D:14     | Lost mutation: You are partially covered in iridescent
                  | scales. (AC +2) [Jiyva's grace]
 19371 | D:14     | Lost mutation: You are extremely robust. (+30% HP) [Jiyva's
                  | grace]
 19371 | D:14     | Lost mutation: Your translucent skin reduces your foes'
                  | accuracy. (Stealth+) [Jiyva's grace]
 19371 | D:14     | Lost mutation: You have hidden genetic potential. [Jiyva's
                  | grace]
 19371 | D:14     | Gained mutation: Your flesh is heat resistant. (rF+)
                  | [Jiyva's grace]
 19371 | D:14     | Gained mutation: Your flesh is very heat resistant. (rF++)
                  | [Jiyva's grace]
 19371 | D:14     | Gained mutation: Your flesh is almost immune to the effects
                  | of heat. (rF+++) [Jiyva's grace]
 19371 | D:14     | Gained mutation: You have acidic saliva. [Jiyva's grace]
 19710 | D:14     | Found Fufurakk's Distillery.
 19718 | D:14     | Bought a potion of degeneration for 12 gold pieces
 19796 | D:15     | Entered Level 15 of the Dungeon
 19924 | D:15     | Reached skill level 18 in Unarmed Combat
 20025 | D:15     | Found a broken altar of Ashenzari.
 20025 | D:15     | Found a glowing golden altar of the Shining One.
 20026 | D:15     | Found a broken altar of Ashenzari.
 20158 | D:15     | Found a staircase to the Depths.
 20286 | D:15     | Paralysed by something for 5 turns
 20394 | D:15     | Noticed a tengu reaver
 20470 | D:15     | Killed a tengu reaver
 20535 | D:15     | Noticed a tengu reaver
 20569 | D:15     | Killed a tengu reaver
 20649 | D:15     | Reached XP level 16. HP: 178/189 MP: 15/15
 20724 | D:15     | Reached skill level 10 in Fighting
 20885 | D:15     | Identified the ring of Jomi Sir {Wiz rF+}
 21103 | Orc:1    | Entered Level 1 of the Orcish Mines
 21331 | Orc:2    | Entered Level 2 of the Orcish Mines
 21331 | Orc:2    | Found a staircase to the Elven Halls.
 21628 | Orc:2    | Found Zoeggut's Book Boutique.
 21670 | Orc:2    | Bought a manual of Unarmed Combat for 1120 gold pieces
 21719 | Orc:2    | Lost mutation: You are agile. (Dex +2) [Jiyva's grace]
 21719 | Orc:2    | Lost mutation: Your flesh is almost immune to the effects
                  | of heat. (rF+++) [Jiyva's grace]
 21719 | Orc:2    | Lost mutation: Your spells are harder to cast, but more
                  | powerful. [Jiyva's grace]
 21719 | Orc:2    | Lost mutation: You have acidic saliva. [Jiyva's grace]
 21719 | Orc:2    | Gained mutation: Your flesh is almost immune to the effects
                  | of heat. (rF+++) [Jiyva's grace]
 21719 | Orc:2    | Gained mutation: Your flesh is cold resistant. (rC+)
                  | [Jiyva's grace]
 21719 | Orc:2    | Gained mutation: Your flesh is very cold resistant. (rC++)
                  | [Jiyva's grace]
 21719 | Orc:2    | Gained mutation: Your flesh is almost immune to the effects
                  | of cold. (rC+++) [Jiyva's grace]
 21722 | Orc:2    | Found Ceric's Antique Armour Shop.
 21752 | Orc:2    | Paralysed by an orc sorcerer for 4 turns
 21785 | Orc:2    | Paralysed by an orc sorcerer for 3 turns
 22051 | Orc:2    | Found Dauw's General Store.
 22075 | Orc:2    | Bought a scroll of teleportation for 42 gold pieces
 22223 | Orc:2    | Found Tiafi's Antique Weapon Shop.
 22234 | Orc:2    | Reached skill level 19 in Unarmed Combat
 22715 | Snake:1  | Entered Level 1 of the Snake Pit
 23507 | Snake:2  | Found Zoravog's Distillery.
 23509 | Snake:2  | Found Huasa's Jewellery Shop.
 23511 | Snake:2  | Found Darphiamm's Book Boutique.
 23632 | Snake:2  | Found a shimmering altar of Xom.
 23846 | Snake:2  | Lost mutation: You have razor-sharp toenails. [Jiyva's
                  | grace]
 23846 | Snake:2  | Lost mutation: Your flesh is almost immune to the effects
                  | of cold. (rC+++) [Jiyva's grace]
 23846 | Snake:2  | Lost mutation: Your flesh is very cold resistant. (rC++)
                  | [Jiyva's grace]
 23846 | Snake:2  | Lost mutation: You are very robust. (+20% HP) [Jiyva's
                  | grace]
 23846 | Snake:2  | Lost mutation: You are robust. (+10% HP) [Jiyva's grace]
 23846 | Snake:2  | Lost mutation: Your spells are a little harder to cast, but
                  | a little more powerful. [Jiyva's grace]
 23846 | Snake:2  | Gained mutation: You expend magic power (3 MP) to
                  | strengthen your wands. [Jiyva's grace]
 23846 | Snake:2  | Gained mutation: You have a small jelly attached to you
                  | that senses nearby items. [Jiyva's grace]
 23846 | Snake:2  | Gained mutation: You are partially covered in iridescent
                  | scales. (AC +2) [Jiyva's grace]
 23846 | Snake:2  | Gained mutation: You are mostly covered in iridescent
                  | scales. (AC +4) [Jiyva's grace]
 24461 | Snake:3  | Noticed Vashnia
 24737 | Snake:2  | Reached XP level 17. HP: 170/170 MP: 16/16
 24866 | Snake:3  | HP: 7/170 [Vashnia/splash of poison (7)]
 24965 | Snake:3  | Killed Vashnia
 25014 | Snake:3  | Found a runed translucent door.
 25027 | Snake:3  | Noticed Dittersdorf's ghost (adept MiBe)
 25048 | Snake:3  | Reached skill level 20 in Unarmed Combat
 25066 | Snake:3  | Identified the -5 pair of boots "Coed" {rF++ Int-2 Dex+8}
 25509 | Snake:3  | Found Baketaic's Self-Improvement Boutique.
 25980 | Snake:4  | Entered Level 4 of the Snake Pit
 26240 | Snake:4  | Lost mutation: You have sharp toenails. [Jiyva's grace]
 26240 | Snake:4  | Lost mutation: You are mostly covered in iridescent scales.
                  | (AC +4) [Jiyva's grace]
 26240 | Snake:4  | Lost mutation: Your flesh is cold resistant. (rC+) [Jiyva's
                  | grace]
 26240 | Snake:4  | Lost mutation: Your system is resistant to poisons. (rPois)
                  | [Jiyva's grace]
 26240 | Snake:4  | Gained mutation: Your muscles are strong. (Str +2) [Jiyva's
                  | grace]
 26240 | Snake:4  | Gained mutation: Your muscles are very strong. (Str +4)
                  | [Jiyva's grace]
 26240 | Snake:4  | Gained mutation: You have a pair of horns on your head.
                  | [Jiyva's grace]
 26240 | Snake:4  | Gained mutation: You have a pair of large horns on your
                  | head. [Jiyva's grace]
 26382 | Snake:4  | Found Qyimm's Distillery.
 26389 | Snake:4  | Found Yluxa's Book Boutique.
 26579 | Snake:4  | Noticed Saint Roka
 26665 | Snake:4  | Killed Saint Roka
 26737 | Snake:4  | Killed from afar by a nagaraja

Illustrated notes

Levels and vault maps discovered:
D:1:      mrwooster_arrival_statue, layout_basic
D:2:      layout_loops_ring, hellmonk_ecumenical_altar_run_dry, uniq_terence
D:3:      layout_basic, minmay_close_crescents, uniq_ijyb
D:4:      layout_basic, uniq_crazy_yiuf_cottage, uniq_eustachio
D:5:      layout_cave_pods, serial_shops, nicolae_shop_stone,
          nicolae_wooded_promenade, kennysheep_big_empty_room
D:6:      layout_basic, minmay_temple_entry_hall, portal_sewer_entry_c,
          abandoned_shop
D:7:      layout_loops_cross, minivault_11, uniq_duvessa, uniq_harold
D:8:      minmay_skewed_foursquare, layout_gridville,
          fedhas_bush_and_centaur_altar, dpeg_lair_monsters,
          nicolae_shop_firing_range
D:9:      hangedman_cross_cluster, layout_cave_pools, serial_shops, shop,
          minmay_misc_feat_tiny
D:10:     layout_irregular_city, kennysheep_little_box, enter_bailey_4,
          hangedman_minor_magic
D:11:     layout_gridville
D:12:     layout_stronghold, david_orc_4, serial_shops, nicolae_lakefront_shop,
          uniq_kirke
D:13:     layout_basic, grunt_vaults_entry_fortified, minmay_fractal_squares_5
D:14:     layout_stronghold, serial_park_square3 [serial_park_minivault_5x5_8],
          serial_shops, nicolae_shop_behind_doors, gauntlet_entry_generic,
          kennysheep_nub, kb_tengu_band
D:15:     hangedman_slaughterboxes
Temple:   mainiacjoe_temple_big_plus
Lair:1:   layout_regular_city, infiniplex_staircase_pool, grunt_megastairs_5,
          lemuel_fruit_tree
Lair:2:   nzn_winding_woodlands_cross [nzn_winding_woodlands_5x15_split_checker,
          nzn_winding_woodlands_5x15_crooked,
          nzn_winding_woodlands_5x15_longhouse,
          nzn_winding_woodlands_5x15_lazy_stream,
          nzn_winding_woodlands_15x15_eel_pit], layout_layer_cave,
          chequers_serial_rivers_room_a
Lair:3:   layout_gridlike, minmay_shoals_entry_lonely_mermaid
Lair:4:   layout_loops_ring, guppyfry_snake_entry_garden
Lair:5:   layout_loops_ring, slime_altar_1, serial_bayou_pond_c,
          serial_bayou_pond_c, lemuel_fruit_fields, serial_bayou_shore_a,
          uniq_snorg, uniq_josephine
Lair:6:   guppyfry_lair_end_dragon, layout_gridlike, roderic_batcave,
          lemuel_another_geyser
Snake:1:  layout_onion_interference, serial_bayou, serial_bayou_pond_c,
          serial_bayou_ford_a, serial_bayou_shore_b, serial_bayou_pond_a,
          serial_bayou_lagoon_a, serial_bayou_lake_a
Snake:2:  layout_basic, basic_altar, st_stairs_6, minmay_shop_star,
          grunt_megastairs_3
Snake:3:  layout_gridlike, hellmonk_ghost_happy_afterlife, grunt_ministairs_3,
          nicolae_shop_self_help, uniq_vashnia
Snake:4:  snake_pit, layout_cave_town, grunt_ministairs_7, minmay_shoptagon,
          uniq_saint_roka
Slime:1:  layout_caves
Orc:1:    layout_caves
Orc:2:    grunt_orc_gardens, layout_diamond_mine, grunt_orc_garden,
          grunt_orc_garden, grunt_orc_garden, grunt_orc_garden

Skill      XL: |  1  2  3  4  5  6  7  8  9 10 11 12 13 14 15 16 17 |
---------------+----------------------------------------------------+-----
Dodging        | 2 3 4 7 9 11 13 14 | 14.5
Fighting       | 2 3 6 8 9 11 | 11.3
Maces & Flails | 1 |  1.4
Throwing       | 4 5 6 7 |  7.7
Unarmed Combat | 2 3 5 7 9 11 15 16 17 18 19 20 | 20.7
Shields        | 1 3 6 8 10 | 10.0
Armour         | 5 7 8 9 |  9.7
Stealth        | |  0.3

Action                   |  1- 3 |  4- 6 |  7- 9 | 10-12 | 13-15 | 16-18 || total
-------------------------+-------+-------+-------+-------+-------+-------++-------
Melee: Short sword       |    58 |       |       |       |       |       ||    58
       Punch             |     3 |     3 |       |       |       |       ||     6
       Whip              |    57 |   114 |       |       |       |       ||   171
       Unarmed           |       |    70 |   279 |   260 |   854 |   723 ||  2186
       Bite              |       |       |     1 |     2 |    33 |    24 ||    60
       Headbutt          |       |       |    34 |    54 |   182 |   185 ||   455
       Kick              |       |       |       |    79 |   312 |   251 ||   642
       Peck              |       |       |       |       |    68 |       ||    68
Throw: Large rock        |     2 |     8 |    21 |     8 |    17 |    31 ||    87
Invok: Slimify           |       |       |       |     1 |       |       ||     1
 Abil: Evoke Blink       |       |       |     1 |       |       |       ||     1
Evoke: Wand              |       |       |     1 |     2 |    13 |       ||    16
  Use: Potion            |       |       |     5 |     3 |     3 |     1 ||    12
       Scroll            |       |       |    10 |       |    13 |     1 ||    24
 Stab: Sleeping          |     2 |       |     1 |       |     8 |     6 ||    17
       Invisible         |       |       |     1 |       |       |       ||     1
       Confused          |       |       |       |     1 |     4 |       ||     5
       Petrified         |       |       |       |       |     4 |       ||     4
       Petrifying        |       |       |       |       |     1 |       ||     1
       Distracted        |       |       |       |       |       |     3 ||     3
Armor: Robe              |    31 |    87 |    75 |    45 |    33 |       ||   271
       Skin              |       |       |    22 |       |       |       ||    22
       Steam dragon scal |       |       |       |       |    36 |       ||    36
       Acid dragon scale |       |       |       |       |   247 |   212 ||   459
Dodge: Dodged            |    48 |    94 |    72 |    59 |   358 |   295 ||   926
Block: Other             |       |    16 |       |       |       |       ||    16
       Kite shield       |       |       |   145 |   231 |   592 |   436 ||  1404
